 Dungeon Crawl Stone Soup version 0.32-a0-468-g38b2580584 (webtiles) character file.

Game seed: 10291967107705240248

100 cforsyth the Slasher (level 4, -1/35 HPs)
             Began as a Coglin Gladiator on Feb 24, 2024.
             Killed by nerve-wracking pain
             ... invoked by Grinder
              (5 damage)
             ... on level 3 of the Dungeon.
             The game lasted 00:02:26 (2105 turns).

cforsyth the Slasher (Coglin Gladiator)             Turns: 2105, Time: 00:02:27

Health: -1/35      AC: 13    Str: 14    XL:     4   Next: 73%
Magic:  4/4        EV:  4    Int:  7    God:
Gold:   182        SH:  0    Dex: 18    Spells: 3/3 levels left

rFire   . . .        a - +0 long sword {Theobald}
rCold   . . .        (no shield)
rNeg    . . .        s - +0 plate armour
rPois   .            c - +0 helmet
rElec   .            (no cloak)
rCorr   .            p - +0 pair of gloves
SInv    .            (no boots)
Will    .....        m - amulet of the acrobat Stlth
                     (ring unavailable)
HPRegen 0.25/turn    (ring unavailable)
MPRegen 0.09/turn

%: acrobat
@: revved
A: off-hand wielding, slow wielding, warmup strikes, no rings
a: no special abilities


You were on level 3 of the Dungeon.
You visited 1 branch of the dungeon, and saw 3 of its levels.

You collected 182 gold pieces.


Innate Abilities, Weirdness & Mutations

You can wield a second weapon in your off-hand.
It takes a long time for you to wield or remove held weapons.
Your first few attacks do less damage.
Your grasper-arms cannot wear rings.


   Skills:
 + Level 3.3 Fighting
 - Level 3.5 Long Blades
 - Level 1.7 Throwing
 + Level 2.2 Armour
 - Level 2.6 Dodging


You had 3 spell levels left.
You didn't know any spells.
Your spell library contained the following spells:

 Spells                   Type           Power      Damage    Failure   Level
 Call Imp                 Summ           0%         N/A       100%        2
 Sublimation of Blood     Necr           0%         N/A       100%        2
 Dazzling Flash           Conj/Hex       0%         N/A       100%        3
 Volatile Blastmotes      Fire/Tloc      0%         2d10      100%        3
 Starburst                Conj/Fire      0%         6d3       100%        6
 Summon Hydra             Summ           0%         N/A       100%        7
 Maxwell's Capacitive Co  Air            0%         ∞         100%        8

Inventory:

Hand Weapons
 a - a +0 long sword (weapon) {Theobald}
Missiles
 d - 3 throwing nets (quivered) {=f}
 e - a javelin
Armour
 b - a +0 leather armour
 c - a +0 helmet (worn)
 p - a +0 pair of gloves (worn)
 s - a +0 plate armour (worn)
Jewellery
 m - an amulet of the acrobat (around neck)
Scrolls
 f - a scroll of revelation {unknown}
 g - 3 scrolls of teleportation {unknown}
 l - 3 scrolls of identify {unknown}
 o - a scroll of fear {unknown}
 t - a scroll of immolation {unknown}
 u - a scroll of vulnerability {unknown}
 v - a scroll of amnesia {unknown}
 x - a scroll of blinking {unknown}
 y - a scroll of summoning {unknown}
Potions
 h - a potion of heal wounds {unknown}
 i - 2 potions of curing {unknown}
 j - a potion of enlightenment {unknown}
 k - 2 potions of degeneration {unknown}
 n - 2 potions of haste {unknown}
 q - a potion of attraction {unknown}
 r - a potion of resistance {unknown}
 w - a potion of magic {unknown}

Dungeon Overview and Level Annotations

Branches:
Dungeon (3/15)

Altars:

Shops:
D:2 (

Annotations:
D:3 Grinder

##### #########.!.#
######
......5@..#.######......
.##########....#.....###
.......>##.#.#######
.............#......
......#......#.#####
......#..#.#.#...# #
......#..#.......# #
#.#.##.....#..##......# #
#.#.##.....#..........###


You could see Grinder.


Message History

Grinder hits you but does no damage.
Unknown command.
You closely miss Grinder.
Grinder is moderately wounded.
Grinder sighs, "No one appreciates my work."
Grinder hits you but does no damage.
Unknown command.
Unknown command.
Unknown command.
You closely miss Grinder.
Grinder is moderately wounded.
Grinder barely misses you.
Unknown command.
Unknown command.
You slash Grinder!
Grinder is heavily wounded.
Grinder says, "At least Makhleb appreciates what I'm doing."
Grinder hits you but does no damage.
Unknown command.
Unknown command.
You slash Grinder!
Grinder is almost dead.
Grinder hits you but does no damage.
Unknown command.
You closely miss Grinder.
Grinder is almost dead.
Grinder gestures at you. Pain shoots through your body!
You die...
Grinder says, "Now the real fun starts!"

Skill      XL: |  1  2  3  4 |
---------------+-------------+-----
Armour         | 1 2 |  2.2
Fighting       | 3 |  3.3
Long Blades    | |  3.5
Throwing       | |  1.7
Dodging        | |  2.6

Action                     |  1- 3 |  4- 6 || total
---------------------------+-------+-------++-------
  Melee: Long sword        |   116 |    30 ||   146
   Stab: Sleeping          |     2 |       ||     2
 Armour: Leather armour    |    37 |       ||    37
         Plate armour      |    38 |    21 ||    59
  Dodge: Dodged            |    73 |     9 ||    82

Levels and vault maps discovered:
D:1:      dpeg_cavernosity, layout_rooms
D:2:      mumra_celtic_spiral_tile, layout_loops_ring, serial_shops, shop,
          kennysheep_potato
D:3:      layout_basic, dilly_ecumenical_altar_fadedgnrine,
          minmay_misc_feat_pillars, uniq_grinder, uniq_jessica

Notes
Turn   | Place    | Note
-------+----------+-------------------------------------------
     0 | D:1      | cforsyth the Coglin Gladiator began the quest for the Orb.
     0 | D:1      | Reached XP level 1. HP: 16/16 MP: 1/1
   121 | D:1      | Reached XP level 2. HP: 21/22 MP: 2/2
   201 | D:1      | Reached skill level 1 in Armour
   272 | D:1      | Reached XP level 3. HP: 26/28 MP: 3/3
  1080 | D:2      | Found Duap's Weapon Shoppe.
  1656 | D:3      | Noticed Jessica
  1666 | D:3      | Killed Jessica
  1667 | D:3      | Reached skill level 3 in Fighting
  1667 | D:3      | Reached XP level 4. HP: 26/35 MP: 4/4
  1672 | D:3      | Reached skill level 2 in Armour
  1855 | D:3      | Found a faded altar of an unknown god.
  2082 | D:3      | Noticed Grinder
  2086 | D:3      | Paralysed by Grinder for 4 turns
  2094 | D:3      | Paralysed by Grinder for 2 turns
  2100 | D:3      | HP: 3/35 [Grinder (5)]
  2105 | D:3      | Killed from afar by Grinder

Vanquished Creatures
  Jessica (D:3)
  2 adders (D:3)
  A dart slug (D:1)
  2 ribbon worms
  4 endoplasms
  2 giant cockroaches (D:1)
  2 goblins (D:1)
  A hobgoblin (D:1)
  7 jackals
  4 kobolds
  2 quokkas (D:1)
  3 ball pythons (D:1)
  5 bats
  4 frilled lizards
  8 rats
48 creatures vanquished.

Table legend: (Time is in decaauts)
 A = Elapsed time spent in this place.
 B = Non-inter-level travel time spent in this place.
 C = Inter-level travel time spent in this place.
 D = Time resting spent in this place.
 E = Time spent auto-exploring this place.
 F = Levels seen in this place.
 G = Mean time per level.
                   A        B        C        D        E       F      G
               +--------+--------+--------+--------+--------+-----+--------+
         Total |   2138 |   2079 |     59 |      0 |   1683 |   3 |  712.7 |
       Dungeon |   2138 |   2079 |     59 |      0 |   1683 |   3 |  712.7 |
               +--------+--------+--------+--------+--------+-----+--------+

Top non-repeatable levels by time:
     D:2: 1032 daAuts
     D:1: 649 daAuts
     D:3: 456 daAuts

Table legend:
 A = Non-vault XP
 B = Vault XP
 C = Vault XP percentage of total XP
 D = Non-vault monster count
 E = Vault monster count
 F = Vault count percentage of total count
                 A         B        C        D         E       F
            +---------+---------+-------+---------+---------+-------
      Total |      99 |      44 |  30.8 |      43 |       5 |  10.4
            +---------+---------+-------+---------+---------+-------
        D:1 |      40 |       7 |  14.9 |      24 |       4 |  14.3
        D:2 |      23 |       0 |   0.0 |      13 |       0 |   0.0
        D:3 |      36 |      37 |  50.7 |       6 |       1 |  14.3
            +---------+---------+-------+---------+---------+-------
